 Dungeon Crawl Stone Soup version 0.29-a0-824-gd827844252 (webtiles) character file.

Game seed: 4349945607897286267

123 Malachi the Sneak (level 5, -12/31 (34) HPs)
             Began as an Octopode Brigand on July 10, 2022.
             Mangled by a wight
             ... wielding a +0 halberd
              (13 damage)
             ... on level 4 of the Dungeon.
             The game lasted 00:02:35 (2794 turns).

Malachi the Sneak (Octopode Brigand)                Turns: 2794, Time: 00:02:35

HP:   -12/31 (34)   AC:  1    Str: 10    XL:     5   Next: 7%
MP:   5/5           EV: 12    Int: 20    God:
Gold: 175           SH:  0    Dex: 15    Spells: 4/4 levels left

rFire   . . .      SeeInvis .   j - +2 dagger (venom)
rCold   . . .      Faith    .   (no shield)
rNeg    . . .      Spirit   .   (helmet restricted)
rPois   +          Reflect  .   r - amulet of regeneration
rElec   .          Harm     .   i - ring of poison resistance
rCorr   .          Rampage  .   a - +6 ring of intelligence
Will    .....                   (no ring)
Stlth   ++++......              (no ring)
HPRegen 0.90/turn               (no ring)
MPRegen 0.09/turn               (no ring)
                                (no ring)
                                (no ring)

@: drained
A: almost no armour, amphibious, 8 rings, camouflage 1, gelatinous body 1,
(nimble swimmer 1), tentacles
a: no special abilities


You were on level 4 of the Dungeon.
You visited 1 branch of the dungeon, and saw 4 of its levels.

You collected 175 gold pieces.

Inventory:

Hand Weapons
 j - a +2 dagger of venom (weapon)
Missiles
 b - 9 poisoned darts (quivered)
 c - 3 curare-tipped darts
Jewellery
 a - a +6 ring of intelligence (right tentacle)
 i - a ring of poison resistance (left tentacle)
 r - an amulet of regeneration (around mantle)
 u - a ring of see invisible
Scrolls
 d - 4 scrolls of enchant armour {unknown}
 f - a scroll of torment {unknown}
 g - 4 scrolls of teleportation {unknown}
 k - a scroll of immolation {unknown}
 l - 2 scrolls of identify {unknown}
 o - a scroll of amnesia {unknown}
 q - a scroll of poison {unknown}
 t - a scroll of vulnerability {unknown}
Potions
 e - 2 potions of might {unknown}
 h - 2 potions of curing {unknown}
 m - a potion of heal wounds {unknown}
 n - 2 potions of lignification {unknown}
 p - a potion of attraction {unknown}
 s - a potion of haste {unknown}


   Skills:
 - Level 2.0 Fighting
 * Level 5.1 Short Blades
 - Level 2.0 Throwing
 - Level 1.0 Dodging
 - Level 5.3 Stealth


You had 4 spell levels left.
You didn't know any spells.
Your spell library contained the following spells:

 Spells                   Type           Power      Damage    Failure   Level
 Beastly Appendage        Tmut           0%         N/A       19%         1
 Shock                    Conj/Air       0%         1d3       19%         1
 Summon Small Mammal      Summ           0%         N/A       19%         1
 Ensorcelled Hibernation  Hex/Ice        0%         N/A       28%         2
 Wereblood                Tmut           0%         N/A       28%         2
 Call Canine Familiar     Summ           0%         N/A       50%         3
 Spider Form              Tmut/Pois      0%         N/A       50%         3
 Summon Guardian Golem    Hex/Summ       0%         N/A       50%         3
 Swiftness                Air            0%         N/A       50%         3
 Airstrike                Air            0%         0-1+      88%         4
 Anguish                  Hex/Necr       0%         N/A       88%         4


Dungeon Overview and Level Annotations

Branches:
Dungeon (4/15)
 Temple: D:4-7

Altars:
Dithmenos
Okawaru
Sif Muna
Xom

Shops:
D:3 ?


Innate Abilities, Weirdness & Mutations

You cannot wear most types of armour.
You are amphibious.
You can wear up to eight rings at the same time.
Your skin changes colour to match your surroundings (Stealth+).
Your rubbery body absorbs attacks. (AC +1, EV +1)
((You are camouflaged when in or above water. (Stealth+)))
You have tentacles for arms and can constrict up to eight enemies at once.


Message History

A hobgoblin comes into view.
A hobgoblin is nearby!
A hobgoblin is nearby!
Found a book of Air.
You see here a scroll labelled PIUCEATOSU.
The helpless hobgoblin fails to defend itself.
You perforate the hobgoblin like a sieve!!!
You kill the hobgoblin!
No target in view!
You see here a hobgoblin corpse.
Found a notched opal ring.
You pick up a book of Air and begin reading...
You add the spells Shock, Swiftness and Airstrike to your library.
Found a stone staircase leading down.
u - a ring of see invisible You hear the slow hiss of an avalanche of sand very nearby.
A wight comes into view. It is wielding a +0 halberd.
Found a stone.
The wight closely misses you.
You closely miss the wight. Your grab misses the wight.
Your squeeze misses the wight. The wight hits you with a +0 halberd!
You feel drained.
You hit the wight but do no damage. You grab the wight.
You constrict the wight. The wight barely misses you.
You hit the wight but do no damage. You squeeze the wight.
The wight is lightly damaged.
You constrict the wight, but do no damage.
The wight hits you with a +0 halberd!
You feel drained.
You hit the wight. You squeeze the wight.
The wight is moderately damaged.
You constrict the wight, but do no damage.
You hit the wight but do no damage.
The wight is moderately damaged.
You constrict the wight, but do no damage.
The wight hits you with a +0 halberd!
Ouch! That really hurt!
* * * LOW HITPOINT WARNING * * *
You hit the wight but do no damage.
The wight is moderately damaged.
You constrict the wight. The wight hits you with a +0 halberd!
You die...

.# ..### ....#( .. .#
### .... ..... ....
...# ##.## ##..# #..##
#...# ##..##
#.z.###.....###...## #
#@.#.......#......
.#.##..## ##.......
...###..## ##...†....
..........###.......?.
...........#..........
..#>..................
##..................
#.......###########
#...........# #


You could see a wight.

Vanquished Creatures
  6 adders
  A gnoll (D:1)
  A worm (D:2)
  2 dart slugs
  2 orcs (D:3)
  2 ball pythons (D:1)
  6 bats
  3 endoplasms
  3 giant cockroaches
  4 goblins
  7 hobgoblins
  2 quokkas
  3 frilled lizards (D:2)
  6 kobolds
  5 rats
53 creatures vanquished.

Notes
Turn   | Place    | Note
-------+----------+-------------------------------------------
     0 | D:1      | Malachi the Octopode Brigand began the quest for the Orb.
     0 | D:1      | Reached XP level 1. HP: 14/14 MP: 1/1
    64 | D:1      | Reached XP level 2. HP: 12/19 MP: 2/2
   205 | D:1      | Found an iron altar of Okawaru.
   717 | D:1      | Reached XP level 3. HP: 24/24 MP: 3/3
   930 | D:2      | Identified the +5 ring mail "Hajuffah" {Str+4 Dex+4 Slay+2}
  1032 | D:2      | Reached XP level 4. HP: 7/29 MP: 4/4
  1837 | D:2      | Found a faded altar of an unknown god.
  1973 | D:3      | Found a shadowy altar of Dithmenos.
  1999 | D:3      | Found a shimmering blue altar of Sif Muna.
  2128 | D:3      | Found Cekegab's Magic Scroll Emporium.
  2185 | D:3      | Found a shimmering altar of Xom.
  2395 | D:3      | Reached skill level 5 in Short Blades
  2396 | D:3      | Reached XP level 5. HP: 34/34 MP: 5/5
  2793 | D:4      | HP: 1/31 [wight/+0 halberd (17)]
  2794 | D:4      | Mangled by a wight

Illustrated notes

Levels and vault maps discovered:
D:1:      sevenhm_arrival_forest_fort_small_4, layout_basic, serial_glass,
          glass_columns_a, glass_columns_a, minmay_crystal_room,
          minmay_hexomino_r4
D:2:      layout_basic, shapermc_ecumenical_altar_mp_vishouse,
          serial_park_tiny_pond, minmay_diced_spiral
D:3:      layout_basic, lemuel_doored_altar, xom_teletrap_fun,
          mainiacjoe_overflow_alcove_2, serial_shops, nicolae_shop_hallway_plus,
          minmay_unequal
D:4:      layout_basic, chei_slow_surprise, nicolae_ossuary_entry_giza,
          serial_bayou_pond_c, bh_walls_and_bars, uniq_blork_the_orc, uniq_robin

Skill      XL: |  1  2  3  4 |
---------------+-------------+-----
Short Blades   | 3 4 5 |  5.1
Fighting       | |  2.0
Throwing       | |  2.0
Dodging        | |  1.0
Stealth        | |  5.3

Action                   |  1- 3 |  4- 6 || total
-------------------------+-------+-------++-------
Melee: Dagger            |    50 |    49 ||    99
       Constrict         |    11 |    11 ||    22
       Tentacles         |    10 |    11 ||    21
       Punch             |       |     1 ||     1
 Stab: Sleeping          |     4 |    10 ||    14
       Distracted        |       |     2 ||     2
Armor: Skin              |     3 |     1 ||     4
Dodge: Dodged            |    27 |    12 ||    39

Table legend: (Time is in decaauts)
 A = Elapsed time spent in this place.
 B = Non-inter-level travel time spent in this place.
 C = Inter-level travel time spent in this place.
 D = Time resting spent in this place.
 E = Time spent auto-exploring this place.
 F = Levels seen in this place.
 G = Mean time per level.
                   A        B        C        D        E       F      G
               +--------+--------+--------+--------+--------+-----+--------+
         Total |   2772 |   2661 |    111 |     58 |   2223 |   4 |  693.0 |
       Dungeon |   2772 |   2661 |    111 |     58 |   2223 |   4 |  693.0 |
               +--------+--------+--------+--------+--------+-----+--------+

Top non-repeatable levels by time:
     D:2: 1012 daAuts
     D:1: 898 daAuts
     D:3: 749 daAuts
     D:4: 111 daAuts
